 Dungeon Crawl Stone Soup version 0.21-a0-414-gba8bdf1 (webtiles) character file.

115 sagitran the Chucker (level 5, 0/54 HPs)
             Began as an Ogre Hunter on Nov 2, 2017.
             Was an Initiate of Trog.
             Killed from afar by dricusgp's ghost (5 damage)
             ... with a magic dart
             ... on level 3 of the Dungeon.
             The game lasted 00:10:27 (2912 turns).

sagitran the Chucker (Ogre Hunter)                  Turns: 2912, Time: 00:10:28

Health: 0/54       AC:  3    Str: 16    XL:     5   Next: 0%
Magic:  5/5        EV: 16    Int: 18    God:    Trog [......]
Gold:   116        SH:  0    Dex: 15    Spells: 4/4 levels left

rFire    . . .     SeeInvis .   e - +0 club
rCold    . . .     Gourm    .   (no shield)
rNeg     . . .     Faith    .   b - +0 robe
rPois    .         Spirit   .   l - +0 hat
rElec    .         Reflect  .   (no cloak)
rCorr    .         Harm     .   (gloves unavailable)
MR       .....                  (boots unavailable)
Stlth    +++.......             o - amulet of regeneration
HPRegen  0.58/turn              q - +6 ring of intelligence
MPRegen  0.09/turn              (no ring)

@: agile
A: unfitting armour, tough skin 1
a: Burn Spellbooks, Renounce Religion


You were on level 3 of the Dungeon.
You worshipped Trog.
Trog was noncommittal.
You were not hungry.

You visited 1 branch of the dungeon, and saw 3 of its levels.

You collected 116 gold pieces.

Inventory:

Hand Weapons
 a - a +0 short sword
 e - a +0 club (weapon)
Missiles
 d - 2 large rocks (quivered)
 k - a throwing net
Armour
 b - a +0 robe (worn)
 l - a +0 hat (worn)
Jewellery
 o - an amulet of regeneration (around neck)
 q - a +6 ring of intelligence (left hand)
Wands
 n - a wand of iceblast (7/15)
 r - a wand of digging (14/24)
Scrolls
 c - 2 scrolls of identify {unknown}
 g - a scroll of remove curse {unknown}
 h - a scroll of fog {unknown}
 j - a scroll of blinking {unknown}
 s - a scroll of recharging {unknown}
Comestibles
 f - a bread ration
 i - 3 chunks of flesh


   Skills:
 + Level 3.7 Fighting
 + Level 1.1 Maces & Flails
 + Level 4.6 Throwing
 + Level 2.9 Dodging
 + Level 1.2 Stealth


You had 4 spell levels left.
You didn't know any spells.

Dungeon Overview and Level Annotations

Branches:
Dungeon (3/15)

Altars:
Okawaru
Trog

Annotations:
D:3 dricusgp's ghost, amateur DECj


Innate Abilities, Weirdness & Mutations

You are too large for most types of armour.
You have tough skin. (AC +1)


Message History

The magic dart hits you! Dricusgp's ghost casts a spell at you.
The orb of energy hits you!
The orb of energy explodes!
Throwing (i - inventory. (,) - cycle):
d - 3 large rocks (quivered)
Press: ? - help, Shift-Dir - straight line, f/p - dricusgp's ghost
Aim: dricusgp's ghost You throw a large rock.
The large rock barely misses dricusgp's ghost.
Dricusgp's ghost gestures at you while chanting.
The magic dart hits you!
* * * LOW HITPOINT WARNING * * *
Dricusgp's ghost casts a spell at you. The orb of energy hits you!
* * * LOW HITPOINT WARNING * * *
The orb of energy explodes!
It was a potion of agility.
You feel agile all of a sudden. Dricusgp's ghost casts a spell at you.
The magic dart hits you!
You die...

#.#.#.....#.##
#.#.#.#....#.#
.#.#.#.##..#.#
. #.# #.# #.
#.# . #.# ###.
#.# ... #@#
#..#W# #..#.#
#....# ##...#
##..# #...
#.(#. #..#.#


You could see dricusgp's ghost.

Vanquished Creatures
  Terence (D:2)
  Robin (D:2)
  A gnoll (D:1)
  5 worms
  A dart slug (D:2)
  A ball python (D:2)
  A bat (D:2)
  5 giant cockroaches
  13 goblins
  9 hobgoblins
  5 kobolds
  A quokka (D:2)
  3 frilled lizards (D:1)
  A rat (D:2)
48 creatures vanquished.

Notes
Turn   | Place    | Note
-------+----------+-------------------------------------------
     0 | D:1      | sagitran the Ogre Hunter began the quest for the Orb.
     0 | D:1      | Reached XP level 1. HP: 22/22 MP: 1/1
   220 | D:1      | Reached XP level 2. HP: 24/29 MP: 2/2
   742 | D:2      | Reached XP level 3. HP: 37/37 MP: 3/3
  1469 | D:2      | Noticed Robin
  1681 | D:2      | Reached skill level 1 in Stealth
  1698 | D:2      | Noticed Terence
  1703 | D:2      | Killed Terence
  1703 | D:2      | Reached XP level 4. HP: 45/45 MP: 4/4
  1720 | D:2      | Reached skill level 1 in Maces & Flails
  2087 | D:2      | Killed Robin
  2381 | D:2      | Found an iron altar of Okawaru.
  2536 | D:2      | Found a bloodstained altar of Trog.
  2541 | D:2      | Became a worshipper of Trog the Wrathful
  2855 | D:3      | Reached XP level 5. HP: 28/54 MP: 5/5
  2904 | D:3      | Noticed dricusgp's ghost (amateur DECj)
  2912 | D:3      | Killed from afar by dricusgp's ghost

Vault maps used:
D:1:      saegor_arrival_simple_a, nrook_uturn
D:2:      lightli_temple_of_fire, okawaru_metal_pillars_3, first_bread,
          serial_bayou_pond_a, uniq_terence, uniq_robin
D:3:      lemuel_doored_altar, kennysheep_generic_room_5

Skill      XL: |  1  2  3  4 |
---------------+-------------+-----
Dodging        | 2 |  2.9
Fighting       | 3 |  3.7
Stealth        | 1 |  1.2
Maces & Flails | 1 |  1.1
Throwing       | |  4.6

Action                   |  1- 3 |  4- 6 || total
-------------------------+-------+-------++-------
Melee: Club              |   148 |   172 ||   320
       Short sword       |     5 |       ||     5
Throw: Large rock        |     7 |     8 ||    15
       Throwing net      |       |     2 ||     2
  Use: Scroll            |     1 |     1 ||     2
       Potion            |       |     5 ||     5
 Stab: Sleeping          |       |     1 ||     1
  Eat: Chunk             |     3 |     1 ||     4
       Bread ration      |       |     1 ||     1
Armor: Robe              |    40 |    29 ||    69
Dodge: Dodged            |    90 |    90 ||   180

Table legend:
 A = Spawn XP
 B = Non-spawn XP
 C = Spawn XP percentage of total XP
 D = Spawn monster count
 E = Non-spawn monster count
 F = Spawn count percentage of total count
 G = Total turns spent on level
                    A         B        C        D         E        F      G
               +---------+---------+-------+---------+---------+-------+---------
         Total |       0 |     165 |   0.0 |       0 |      48 |   0.0 |  2912
               +---------+---------+-------+---------+---------+-------+---------
           D:1 |       0 |      33 |   0.0 |       0 |      12 |   0.0 |   739
           D:2 |       0 |     127 |   0.0 |       0 |      35 |   0.0 |  2086
           D:3 |       0 |       5 |   0.0 |       0 |       1 |   0.0 |    87
               +---------+---------+-------+---------+---------+-------+---------
